 Dungeon Crawl Stone Soup version 0.30.0-5-g1a98f26d00 (webtiles) character file.

Game seed: 9013512552641481750

185 fozzywoppz the Trooper (level 5, -1/34 HPs)
             Began as a Gargoyle Fighter on May 9, 2023.
             Slain by a gnoll
             ... wielding a +0 club
              (5 damage)
             ... on level 4 of the Dungeon.
             The game lasted 00:04:14 (2960 turns).

fozzywoppz the Trooper (Gargoyle Fighter)           Turns: 2960, Time: 00:04:15

Health: -1/34      AC: 11    Str: 19    XL:     5   Next: 64%
Magic:  5/5        EV:  9    Int:  9    God:
Gold:   174        SH:  4    Dex: 11    Spells: 4/4 levels left

rFire   . . .        a - +0 flail
rCold   . . .        c - +0 buckler
rNeg    + . .        b - +0 scale mail
rPois   ∞            (no helmet)
rElec   +            (no cloak)
rCorr   .            (no gloves)
SInv    .            (no boots)
Will    .....        (no amulet) Stlth
                     (no ring)
HPRegen 0.25/turn    (no ring)
MPRegen 0.09/turn

%: no passive effects
@: no status effects
A: sickness immunity, AC +4, negative energy resistance 1, electricity
resistance, torment resistance 1, petrification resistance
a: no special abilities


You were on level 4 of the Dungeon.
You visited 1 branch of the dungeon, and saw 4 of its levels.

You collected 174 gold pieces.

Inventory:

Hand Weapons
 a - a +0 flail (weapon)
 g - a +1 flail of distortion
Missiles
 i - 10 poisoned darts (quivered)
Armour
 b - a +0 scale mail (worn)
 c - a +0 buckler (worn)
Wands
 p - a wand of flame (24)
Scrolls
 e - 3 scrolls of identify {unknown}
 f - 2 scrolls of teleportation {unknown}
 h - 2 scrolls of enchant weapon {unknown}
 l - 2 scrolls of fog {unknown}
 n - a scroll of blinking {unknown}
 q - a scroll of brand weapon {unknown}
Potions
 d - a potion of mutation {unknown}
 j - a potion of invisibility {unknown}
 k - a potion of lignification {unknown}
 m - a potion of flight {unknown}
 o - a potion of ambrosia {unknown}


   Skills:
 + Level 4.3 Fighting
 + Level 3.3 Maces & Flails
 + Level 4.3 Armour
 + Level 4.3 Shields


You had 4 spell levels left.
You didn't know any spells.
Your spell library contained the following spells:

 Spells                   Type           Power      Damage    Failure   Level
 Slow                     Hex            0%         N/A       82%         1
 Blink                    Tloc           0%         N/A       91%         2
 Lesser Beckoning         Tloc           0%         N/A       91%         2
 Momentum Strike          Conj/Tloc      0%         3d8       91%         2
 Confusing Touch          Hex            0%         N/A       99%         3
 Vampiric Draining        Necr           0%         2d6       99%         3


Dungeon Overview and Level Annotations

Branches:
Dungeon (4/15)
 Temple: D:4-7

Altars:
Sif Muna


Innate Abilities, Weirdness & Mutations

You are immune to sickness and miasma.
Your stone body is resilient. (AC +4)
You are immune to poison.
You resist negative energy. (rN+)
You are resistant to electric shocks. (rElec)
You are resistant to unholy torment.
You are immune to petrification.


Message History

You hit the adder but do no damage.
The adder is almost dead.
The adder bites you but does no damage. The adder barely misses you.
You hit the adder but do no damage.
The adder is almost dead.
The adder barely misses you. The adder bites you but does no damage.
You closely miss the adder.
The adder is almost dead.
The gnoll hits you but does no damage. You block the adder's attack.
The gnoll hits you with a +0 flail! The gnoll barely misses you.
You hit the adder.
You kill the adder!
The gnoll hits you with a +0 flail. x2
You sock the gnoll!
The gnoll is almost dead.
The gnoll hits you with a +0 flail. x2
The gnoll attacks as you move away! The gnoll barely misses you.
You see here an adder corpse.
You barely miss the gnoll.
The gnoll is almost dead.
The gnoll hits you with a +0 flail.
You sock the gnoll!
You kill the gnoll!
You barely miss the gnoll. You block the gnoll's attack.
You hit the gnoll.
The gnoll is moderately wounded.
The gnoll barely misses you.
You sock the gnoll!
You kill the gnoll!
The gnoll hits you with a +0 club.
* * * LOW HITPOINT WARNING * * *
A goblin comes into view. It is wielding a +0 dagger.
You closely miss the gnoll.
The goblin shouts!
The gnoll hits you with a +0 club.
* * * LOW HITPOINT WARNING * * *
You closely miss the gnoll. The gnoll barely misses you.
You closely miss the gnoll. The gnoll barely misses you.
The gnoll hits you with a +0 club.
You die...

..#...# #.# #.#...#
#.# #.#...# #.#
#.#...# #.# #.#...#
#.#
#.#.###.#...########.#
........g............#
.#.###g#.############
#@#.# ........#.#
.#........#
#.#########


You could see a gnoll and a goblin.

Vanquished Creatures
  7 gnolls
  5 adders
  5 dart slugs
  2 endoplasms (D:1)
  A giant cockroach (D:3)
  7 goblins
  2 hobgoblins
  8 jackals
  2 quokkas
  3 ball pythons
  11 bats
  5 frilled lizards
  3 kobolds
  9 rats
70 creatures vanquished.

Notes
Turn   | Place    | Note
-------+----------+-------------------------------------------
     0 | D:1      | fozzywoppz the Gargoyle Fighter began the quest for the
                  | Orb.
     0 | D:1      | Reached XP level 1. HP: 14/14 MP: 1/1
   162 | D:1      | Reached XP level 2. HP: 19/19 MP: 2/2
   433 | D:1      | Reached XP level 3. HP: 20/23 MP: 3/3
  1072 | D:2      | Reached XP level 4. HP: 21/29 MP: 4/4
  1301 | D:2      | Found a faded altar of an unknown god.
  1899 | D:3      | Reached XP level 5. HP: 33/33 MP: 5/5
  2181 | D:3      | Noticed an orc warrior
  2560 | D:3      | Found a shimmering blue altar of Sif Muna.
  2960 | D:4      | Slain by a gnoll

Illustrated notes

Levels and vault maps discovered:
D:1:      lightli_arrival_noodles, layout_basic
D:2:      layout_basic, shapermc_ecumenical_altar_mp_highgroup, minivault_23
D:3:      layout_loops_corners, lemuel_blue_sif_altar, st_stairs_9,
          lightli_corner_chamber
D:4:      layout_loops_ring, serial_shops, shop, uniq_duvessa

Skill      XL: |  1  2  3  4 |
---------------+-------------+-----
Fighting       | 4 |  4.3
Shields        | 4 |  4.3
Armour         | 4 |  4.3
Maces & Flails | 3 |  3.3

Action                     |  1- 3 |  4- 6 || total
---------------------------+-------+-------++-------
  Melee: Flail             |    88 |   126 ||   214
    Use: Potion            |       |     1 ||     1
 Armour: Scale mail        |    65 |    60 ||   125
  Dodge: Dodged            |    68 |    63 ||   131
  Block: Buckler           |    41 |    26 ||    67
